Pick #1

Connor Bedard
Pick #2

Leo Carlsson
Pick #3

Adam Fantilli
Pick #4

Matvei Michkov
Pick #5

David Reinbacher
Pick #6

William Smith
Pick #7

Zachary Benson
Pick #8

Ryan Leonard
Pick #9

Gabriel Perreault
Pick #10

Axel Sandin-Pellika
Pick #11

Daniil But
Pick #12

Dalibor Dvorsky
Pick #13

Quentin Musty
Pick #14

Brayden Yager
Pick #15

Dmitry Simashev
Pick #16

Colby Barlow
Pick #17

Andrew Cristall
Pick #18

Easton Cowan
Pick #19

Jacob Fowler
Pick #20

Oliver Moore
Pick #21

Oliver Bonk
Pick #22

Tom Willander
Pick #23

Calum Ritchie
Pick #24

Tanner Molendyk
Pick #25

Gavin Brindley
Pick #26

Nate Danielson
Pick #27

Pick #28

Pick #29

Pick #30

Pick #31

Pick #32

Pick #33

Pick #34

Pick #35

Pick #36

Pick #37

Pick #38

Pick #39

Pick #40

Pick #41

Pick #42

Pick #43

Pick #44

Pick #45

Pick #46

Pick #47

Pick #48

Pick #49

Pick #50

Pick #51

Pick #52

Pick #53

Pick #54

Pick #55

Pick #56

Pick #57

Pick #58

Pick #59

Pick #60

Pick #61

Pick #62

Pick #63

Pick #64

Pick #65

Pick #66

Pick #67

Pick #68

Pick #69

Pick #70

Pick #71

Pick #72

Pick #73

Pick #74

Pick #75

Pick #76

Pick #77

Pick #78

Pick #79

Pick #80

Pick #81

Pick #82

Pick #83

Pick #84

Pick #85

Pick #86

Pick #87

Pick #88

Pick #89

Pick #90

Pick #91

Pick #92

Pick #93

Pick #94

Pick #95

Pick #96

Pick #97

Pick #98

Pick #99

Pick #100

Pick #101

Pick #102

Pick #103

Pick #104

Pick #105

Pick #106

Pick #107

Pick #108

Pick #109

Pick #110

Pick #111

Pick #112

Pick #113

Pick #114

Pick #115

Pick #116

Pick #117

Pick #118

Pick #119

Pick #120

Pick #121

Pick #122

Pick #123

Pick #124

Pick #125

Pick #126

Pick #127

Pick #128

Pick #129

Pick #130

Full Scoreboard »»

BlackHawks vs Blues

Created - December 10, 2023 at 21:56

Goals
1 2 3 T
BlackHawks 1 0 2 3
Blues 1 1 2 4
Shots
1 2 3 T
BlackHawks 5 4 11 20
Blues 6 10 12 28

GoalsPenalties
1st period
1. Blues , Anthony DeAngelo 4 (Nico Hischier 24, Carson Soucy 8) at 5:42
2. BlackHawks , Kirill Kaprizov 11 (Nick Leddy 6, Ivan Barbashev 18) at 14:52
Jacob Trouba (STL) for Tripping (Minor) at 17:37
2nd period
3. Blues , Cale Makar 8 (Kris Letang 12, Auston Matthews 14) at 14:56 (PP)
Ivan Barbashev (CHI) for Roughing (Minor) at 2:50
Nico Hischier (STL) for Slashing (Minor) at 7:37
Zach Bogosian (CHI) for Holding (Minor) at 14:32
Jacob Trouba (STL) for Hooking (Minor) at 15:25
3rd period
4. BlackHawks , Tyler Seguin 7 (Justin Braun 5, Anders Lee 11) at 11:26
5. Blues , Yanni Gourde 8 (Jack Eichel 8, Filip Hronek 11) at 15:03
6. BlackHawks , Max Domi 5 (Kirill Kaprizov 10, Marc-Edouard Vlasic 6) at 16:54
7. Blues , Clayton Keller 12 (Nico Hischier 25, Auston Matthews 15) at 17:14
Ty Dellandrea (CHI) for High sticking (Minor) at 3:20
Goalie Stats
Marc-Andre Fleury (CHI), 24 saves from 28 shots - (0.857), L, 8-9-4, 59:29 minutes
Carter Hart (STL), 17 saves from 20 shots - (0.850), W, 14-8-4, 60:00 minutes
3 StarsOfficial
1 - Auston Matthews (STL)
2 - Kirill Kaprizov (CHI)
3 - Yanni Gourde (STL)
Referees : Jake Brenk and Adam Bloski
Linesman : Jonny Murray and Steven Walsh
Game Note
No Game Note
Finance
Level 1 -- Attendance: 6199 (95.37%) -- Ticket Income $681,890
Level 2 -- Attendance: 4706 (94.12%) -- Ticket Income $352,950
Level 3 -- Attendance: 3039 (86.83%) -- Ticket Income $167,145
Level 4 -- Attendance: 1562 (100.00%) -- Ticket Income $60,918
Luxury Box -- Attendance: 971 (97.10%) -- Ticket Income $193,229
Game was played at the Scottrade Center.
Total Attendance: 16477 (93.82%)
Total Ticket Income: $1,456,132
Other Income: $364,033
Total Income: $1,820,165



Team Name Goals Shots Shots Attemp Shots Blocked PIM HIT PP PK FO%
BlackHawks 3203866140 / 3 (0%)146%
Blues 4285176251 / 3 (33%)054%

BlackHawks
Player Name POS G A P +/- PIM HIT SHT SB MP PP MP PP SHT PK MP PK SHT FO% FOT
Anders LeeLW0110014221:573:1123:3200% 1
Andrei KuzmenkoLW000-1003116:510:0000:5000% 0
Braden SchneiderD0001020021:313:3402:1500% 0
Derek ForbortD000-2020124:412:2302:0700% 0
Ivan BarbashevC0111241020:192:4600:16048% 21
Jaden SchwartzC000-1011016:150:0000:14043% 14
Jordan MartinookLW000-1020017:090:0000:0000% 0
Justin BraunD0111000013:480:0000:0000% 0
Kirill KaprizovLW1121001024:042:4602:52020% 10
Marc-Edouard VlasicD0111000021:313:3402:1500% 0
Max DomiC1011006021:122:4620:00033% 3
Nick LeddyD011-2001224:412:2302:0700% 0
Nick RitchieLW000000000:000:0000:0000% 0
Ryan DonatoC000000001:000:0001:0000% 0
Sonny MilanoLW000000000:000:0000:0000% 0
Ty DellandreaC0000201018:243:1110:0000% 0
Tyler SeguinC1010012018:253:1100:00059% 27
Zach BogosianD0001210013:470:0000:0000% 0
Blues
Player Name POS G A P +/- PIM HIT SHT SB MP PP MP PP SHT PK MP PK SHT FO% FOT
Anthony DeAngeloD1010002218:081:5712:0700% 0
Auston MatthewsC0222011019:522:2500:46067% 6
Cale MakarD101-2012024:442:2512:3700% 0
Carson SoucyD0110010013:170:0000:0000% 0
Clayton KellerRW1012005019:062:2510:0000% 1
Craig SmithC0000010014:360:0000:0000% 0
Curtis LazarC000-2020113:320:0002:5200% 0
Derek RyanC000001107:440:0000:00071% 7
Evan RodriguesC000-2002010:400:0000:000100% 1
Filip HronekD0112011020:291:5712:3700% 0
Jack EichelC0110013016:331:5700:00020% 15
Jacob TroubaD0002420217:530:0001:1300% 0
Kris LetangD011-2092125:272:2523:2000% 0
Michael EyssimontC000000107:440:0000:0000% 0
Nico HischierC0222214021:112:2502:06060% 25
Sean MonahanC000-2000115:421:5703:05060% 20
Steven LorentzC000000107:440:0000:000100% 1
Yanni GourdeC1010043019:381:5703:0500% 0



Play-by-Play

1st period


0:01 of 1st period - Nico Hischier wins face-off versus Ivan Barbashev in neutral zone.
0:08 of 1st period - Shot by Cale Makar.
0:08 of 1st period - Stopped by Marc-Andre Fleury with a rebound.
2:18 of 1st period - Shot by Tyler Seguin.
2:18 of 1st period - Stopped by Carter Hart without a rebound.
2:19 of 1st period - Derek Ryan wins face-off versus Jaden Schwartz in Blues zone.
2:19 of 1st period - Derek Ryan is hit by Jordan Martinook.
2:25 of 1st period - Kris Letang is hit by Jordan Martinook and loses puck.
3:03 of 1st period - Icing by Zach Bogosian.
3:04 of 1st period - Nico Hischier wins face-off versus Jaden Schwartz in BlackHawks zone.
3:07 of 1st period - Shot by Auston Matthews.
3:07 of 1st period - Deflect By Clayton Keller.
3:07 of 1st period - Shot Misses the Net.
3:37 of 1st period - Andrei Kuzmenko is hit by Jacob Trouba and loses puck.
3:48 of 1st period - Shot by Nico Hischier.
3:48 of 1st period - Stopped by Marc-Andre Fleury without a rebound.
3:49 of 1st period - Tyler Seguin wins face-off versus Jack Eichel in BlackHawks zone.
3:49 of 1st period - Tyler Seguin is hit by Jack Eichel.
4:08 of 1st period - Shot by Anthony DeAngelo.
4:08 of 1st period - Deflect By Jack Eichel.
4:08 of 1st period - Stopped by Marc-Andre Fleury without a rebound.
4:09 of 1st period - Sean Monahan wins face-off versus Tyler Seguin in BlackHawks zone.
5:21 of 1st period - Ty Dellandrea is hit by Yanni Gourde.
5:30 of 1st period - Off-side.
5:31 of 1st period - Nico Hischier wins face-off versus Ivan Barbashev in neutral zone.
5:36 of 1st period - Shot by Nico Hischier.
5:36 of 1st period - Stopped by Marc-Andre Fleury with a rebound.
5:38 of 1st period - Shot by Carson Soucy.
5:38 of 1st period - Shot Misses the Net.
5:40 of 1st period - Shot by Nico Hischier.
5:40 of 1st period - Shot Misses the Net.
5:42 of 1st period - Shot by Anthony DeAngelo.
5:42 of 1st period - Goal by Anthony DeAngelo - BlackHawks : 0 - Blues : 1.
5:43 of 1st period - Derek Ryan wins face-off versus Jaden Schwartz in neutral zone.
6:41 of 1st period - Icing by Kris Letang.
6:42 of 1st period - Nico Hischier wins face-off versus Ivan Barbashev in Blues zone.
6:51 of 1st period - Shot by Auston Matthews.
6:51 of 1st period - Shot Misses the Net.
7:03 of 1st period - Shot by Auston Matthews.
7:03 of 1st period - Shot Misses the Net.
8:03 of 1st period - Icing by Braden Schneider.
8:04 of 1st period - Tyler Seguin wins face-off versus Sean Monahan in BlackHawks zone.
8:04 of 1st period - Tyler Seguin is hit by Curtis Lazar.
9:43 of 1st period - Shot by Yanni Gourde.
9:43 of 1st period - Shot Misses the Net.
10:18 of 1st period - Max Domi is hit by Filip Hronek and loses puck.
11:19 of 1st period - Shot by Tyler Seguin.
11:19 of 1st period - Shot Misses the Net.
11:22 of 1st period - Icing by Carson Soucy.
11:23 of 1st period - Derek Ryan wins face-off versus Tyler Seguin in Blues zone.
12:12 of 1st period - Shot by Ivan Barbashev.
12:12 of 1st period - Shot Blocked by Anthony DeAngelo.
12:19 of 1st period - Shot by Nick Leddy.
12:19 of 1st period - Stopped by Carter Hart with a rebound.
12:21 of 1st period - Shot by Nick Leddy.
12:21 of 1st period - Shot Misses the Net.
12:27 of 1st period - Shot by Max Domi.
12:27 of 1st period - Shot Misses the Net.
12:59 of 1st period - Icing by Justin Braun.
13:00 of 1st period - Jaden Schwartz wins face-off versus Jack Eichel in BlackHawks zone.
13:00 of 1st period - Jordan Martinook is hit by Yanni Gourde.
13:17 of 1st period - Jordan Martinook is hit by Kris Letang and loses puck.
13:20 of 1st period - Shot by Andrei Kuzmenko.
13:20 of 1st period - Stopped by Carter Hart with a rebound.
13:45 of 1st period - Icing by Jaden Schwartz.
13:46 of 1st period - Nico Hischier wins face-off versus Jaden Schwartz in BlackHawks zone.
14:20 of 1st period - Icing by Derek Forbort.
14:21 of 1st period - Sean Monahan wins face-off versus Kirill Kaprizov in BlackHawks zone.
14:33 of 1st period - Kirill Kaprizov is hit by Kris Letang and loses puck.
14:52 of 1st period - Shot by Kirill Kaprizov.
14:52 of 1st period - Goal by Kirill Kaprizov - BlackHawks : 1 - Blues : 1.
14:53 of 1st period - Jack Eichel wins face-off versus Tyler Seguin in neutral zone.
15:14 of 1st period - Tyler Seguin is hit by Jacob Trouba and loses puck.
16:05 of 1st period - Shot by Auston Matthews.
16:05 of 1st period - Shot Misses the Net.
16:07 of 1st period - Shot by Cale Makar.
16:07 of 1st period - Shot Blocked by Nick Leddy.
17:32 of 1st period - Shot by Evan Rodrigues.
17:32 of 1st period - Stopped by Marc-Andre Fleury without a rebound.
17:33 of 1st period - Tyler Seguin wins face-off versus Jack Eichel in BlackHawks zone.
17:37 of 1st period - Minor Penalty to Jacob Trouba for Tripping.
17:38 of 1st period - Tyler Seguin wins face-off versus Sean Monahan in Blues zone.
17:39 of 1st period - Shot by Anders Lee.
17:39 of 1st period - Stopped by Carter Hart with a rebound.
18:00 of 1st period - Icing by Marc-Edouard Vlasic.
18:01 of 1st period - Tyler Seguin wins face-off versus Nico Hischier in BlackHawks zone.
18:14 of 1st period - Shot by Marc-Edouard Vlasic.
18:14 of 1st period - Shot Hit the Post.
19:02 of 1st period - Icing by Max Domi.
19:03 of 1st period - Nico Hischier wins face-off versus Ivan Barbashev in BlackHawks zone.
19:17 of 1st period - Icing by Derek Forbort.
19:18 of 1st period - Ivan Barbashev wins face-off versus Sean Monahan in BlackHawks zone.
19:29 of 1st period - Shot by Kirill Kaprizov.
19:29 of 1st period - Shot Misses the Net.
19:31 of 1st period - Shot by Ivan Barbashev.
19:31 of 1st period - Shot Misses the Net.
19:33 of 1st period - Shot by Derek Forbort.
19:33 of 1st period - Deflect By Kirill Kaprizov.
19:33 of 1st period - Shot Misses the Net.
19:54 of 1st period - Icing by Filip Hronek.
19:55 of 1st period - Derek Ryan wins face-off versus Tyler Seguin in Blues zone.
Goals for this period are 1 for BlackHawks vs 1 for Blues.
Shots for this period are 5 for BlackHawks vs 6 for Blues.

2nd period


0:01 of 2nd period - Nico Hischier wins face-off versus Max Domi in neutral zone.
0:04 of 2nd period - Shot by Cale Makar.
0:04 of 2nd period - Shot Misses the Net.
0:53 of 2nd period - Icing by Nick Leddy.
0:54 of 2nd period - Max Domi wins face-off versus Jack Eichel in BlackHawks zone.
1:07 of 2nd period - Shot by Jack Eichel.
1:07 of 2nd period - Stopped by Marc-Andre Fleury without a rebound.
1:08 of 2nd period - Sean Monahan wins face-off versus Tyler Seguin in BlackHawks zone.
2:01 of 2nd period - Off-side.
2:02 of 2nd period - Jack Eichel wins face-off versus Jaden Schwartz in neutral zone.
2:09 of 2nd period - Shot by Jack Eichel.
2:09 of 2nd period - Stopped by Marc-Andre Fleury without a rebound.
2:10 of 2nd period - Ivan Barbashev wins face-off versus Jack Eichel in BlackHawks zone.
2:16 of 2nd period - Kirill Kaprizov is hit by Kris Letang and loses puck.
2:50 of 2nd period - Minor Penalty to Ivan Barbashev for Roughing.
2:51 of 2nd period - Auston Matthews wins face-off versus Kirill Kaprizov in BlackHawks zone.
2:54 of 2nd period - Shot by Nico Hischier.
2:54 of 2nd period - Shot Blocked by Anders Lee.
2:56 of 2nd period - Shot by Cale Makar.
2:56 of 2nd period - Shot Misses the Net.
2:58 of 2nd period - Shot by Kris Letang.
2:58 of 2nd period - Stopped by Marc-Andre Fleury without a rebound.
2:59 of 2nd period - Kirill Kaprizov wins face-off versus Sean Monahan in BlackHawks zone.
4:19 of 2nd period - Shot by Auston Matthews.
4:19 of 2nd period - Shot Blocked by Andrei Kuzmenko.
4:27 of 2nd period - Shot by Clayton Keller.
4:27 of 2nd period - Stopped by Marc-Andre Fleury without a rebound.
4:28 of 2nd period - Sean Monahan wins face-off versus Kirill Kaprizov in BlackHawks zone.
4:55 of 2nd period - Shot by Michael Eyssimont.
4:55 of 2nd period - Stopped by Marc-Andre Fleury without a rebound.
4:56 of 2nd period - Derek Ryan wins face-off versus Jaden Schwartz in BlackHawks zone.
5:01 of 2nd period - Shot by Steven Lorentz.
5:01 of 2nd period - Stopped by Marc-Andre Fleury without a rebound.
5:02 of 2nd period - Nico Hischier wins face-off versus Jaden Schwartz in BlackHawks zone.
5:05 of 2nd period - Shot by Nico Hischier.
5:05 of 2nd period - Stopped by Marc-Andre Fleury with a rebound.
6:14 of 2nd period - Kirill Kaprizov is hit by Curtis Lazar and loses puck.
6:42 of 2nd period - Shot by Ivan Barbashev.
6:42 of 2nd period - Shot Blocked by Jacob Trouba.
6:50 of 2nd period - Shot by Ivan Barbashev.
6:50 of 2nd period - Shot Misses the Net.
6:52 of 2nd period - Shot by Ivan Barbashev.
6:52 of 2nd period - Shot Blocked by Curtis Lazar.
7:26 of 2nd period - Shot by Yanni Gourde.
7:26 of 2nd period - Stopped by Marc-Andre Fleury without a rebound.
7:27 of 2nd period - Tyler Seguin wins face-off versus Nico Hischier in BlackHawks zone.
7:35 of 2nd period - Icing by Nick Leddy.
7:36 of 2nd period - Tyler Seguin wins face-off versus Nico Hischier in BlackHawks zone.
7:36 of 2nd period - Tyler Seguin is hit by Auston Matthews.
7:37 of 2nd period - Minor Penalty to Nico Hischier for Slashing.
7:38 of 2nd period - Ivan Barbashev wins face-off versus Sean Monahan in Blues zone.
7:50 of 2nd period - Icing by Ivan Barbashev.
7:51 of 2nd period - Ivan Barbashev wins face-off versus Auston Matthews in BlackHawks zone.
8:03 of 2nd period - Icing by Marc-Edouard Vlasic.
8:04 of 2nd period - Sean Monahan wins face-off versus Ivan Barbashev in BlackHawks zone.
8:21 of 2nd period - Shot by Max Domi.
8:21 of 2nd period - Stopped by Carter Hart without a rebound.
8:22 of 2nd period - Sean Monahan wins face-off versus Tyler Seguin in Blues zone.
9:51 of 2nd period - Shot by Derek Ryan.
9:51 of 2nd period - Stopped by Marc-Andre Fleury without a rebound.
9:52 of 2nd period - Nico Hischier wins face-off versus Jaden Schwartz in BlackHawks zone.
10:05 of 2nd period - Nico Hischier is hit by Jaden Schwartz and loses puck.
10:31 of 2nd period - Icing by Justin Braun.
10:32 of 2nd period - Jaden Schwartz wins face-off versus Jack Eichel in BlackHawks zone.
10:32 of 2nd period - Jaden Schwartz is hit by Yanni Gourde.
10:39 of 2nd period - Jordan Martinook is hit by Kris Letang and loses puck.
11:42 of 2nd period - Filip Hronek is hit by Ivan Barbashev and loses puck.
12:07 of 2nd period - Icing by Tyler Seguin.
12:08 of 2nd period - Nico Hischier wins face-off versus Anders Lee in BlackHawks zone.
12:08 of 2nd period - Auston Matthews is hit by Braden Schneider.
12:45 of 2nd period - Clayton Keller is hit by Braden Schneider and loses puck.
13:04 of 2nd period - Icing by Ty Dellandrea.
13:05 of 2nd period - Tyler Seguin wins face-off versus Jack Eichel in BlackHawks zone.
14:32 of 2nd period - Minor Penalty to Zach Bogosian for Holding.
14:33 of 2nd period - Auston Matthews wins face-off versus Kirill Kaprizov in BlackHawks zone.
14:56 of 2nd period - Shot by Cale Makar.
14:56 of 2nd period - Goal by Cale Makar - BlackHawks : 1 - Blues : 2.
14:57 of 2nd period - Steven Lorentz wins face-off versus Kirill Kaprizov in neutral zone.
15:25 of 2nd period - Minor Penalty to Jacob Trouba for Hooking.
15:26 of 2nd period - Tyler Seguin wins face-off versus Nico Hischier in Blues zone.
15:45 of 2nd period - Shot by Nico Hischier.
15:45 of 2nd period - Shot Blocked by Anders Lee.
15:59 of 2nd period - Shot by Ty Dellandrea.
15:59 of 2nd period - Stopped by Carter Hart without a rebound.
16:00 of 2nd period - Nico Hischier wins face-off versus Ivan Barbashev in Blues zone.
16:00 of 2nd period - Kris Letang is hit by Ivan Barbashev and loses puck.
16:36 of 2nd period - Shot by Nick Leddy.
16:36 of 2nd period - Shot Blocked by Kris Letang.
16:38 of 2nd period - Shot by Max Domi.
16:38 of 2nd period - Stopped by Carter Hart without a rebound.
16:39 of 2nd period - Sean Monahan wins face-off versus Tyler Seguin in Blues zone.
16:39 of 2nd period - Sean Monahan is hit by Tyler Seguin.
17:20 of 2nd period - Shot by Anders Lee.
17:20 of 2nd period - Stopped by Carter Hart with a rebound.
18:43 of 2nd period - Icing by Nick Leddy.
18:44 of 2nd period - Nico Hischier wins face-off versus Ivan Barbashev in BlackHawks zone.
19:12 of 2nd period - Kirill Kaprizov is hit by Kris Letang and loses puck.
19:22 of 2nd period - Max Domi is hit by Kris Letang and loses puck.
19:42 of 2nd period - Braden Schneider is hit by Carson Soucy and loses puck.
Goals for this period are 0 for BlackHawks vs 1 for Blues.
Shots for this period are 4 for BlackHawks vs 10 for Blues.

3rd period


0:01 of 3rd period - Ivan Barbashev wins face-off versus Nico Hischier in neutral zone.
0:15 of 3rd period - Off-side.
0:16 of 3rd period - Tyler Seguin wins face-off versus Jack Eichel in neutral zone.
0:16 of 3rd period - Tyler Seguin is hit by Yanni Gourde.
0:34 of 3rd period - Shot by Anders Lee.
0:34 of 3rd period - Stopped by Carter Hart without a rebound.
0:35 of 3rd period - Ivan Barbashev wins face-off versus Nico Hischier in Blues zone.
0:38 of 3rd period - Shot by Max Domi.
0:38 of 3rd period - Stopped by Carter Hart without a rebound.
0:39 of 3rd period - Nico Hischier wins face-off versus Ivan Barbashev in Blues zone.
0:39 of 3rd period - Nico Hischier is hit by Ivan Barbashev.
0:56 of 3rd period - Shot by Max Domi.
0:56 of 3rd period - Stopped by Carter Hart without a rebound.
0:57 of 3rd period - Tyler Seguin wins face-off versus Jack Eichel in Blues zone.
1:06 of 3rd period - Shot by Ty Dellandrea.
1:06 of 3rd period - Shot Misses the Net.
1:34 of 3rd period - Marc-Edouard Vlasic is hit by Craig Smith and loses puck.
1:40 of 3rd period - Icing by Braden Schneider.
1:41 of 3rd period - Tyler Seguin wins face-off versus Nico Hischier in BlackHawks zone.
2:04 of 3rd period - Shot by Clayton Keller.
2:04 of 3rd period - Stopped by Marc-Andre Fleury with a rebound.
2:12 of 3rd period - Shot by Clayton Keller.
2:12 of 3rd period - Deflect By Nico Hischier.
2:12 of 3rd period - Stopped by Marc-Andre Fleury without a rebound.
2:13 of 3rd period - Jaden Schwartz wins face-off versus Sean Monahan in BlackHawks zone.
2:25 of 3rd period - Shot by Jaden Schwartz.
2:25 of 3rd period - Shot Blocked by Sean Monahan.
2:27 of 3rd period - Shot by Andrei Kuzmenko.
2:27 of 3rd period - Shot Blocked by Anthony DeAngelo.
2:29 of 3rd period - Shot by Jaden Schwartz.
2:29 of 3rd period - Stopped by Carter Hart without a rebound.
2:30 of 3rd period - Jack Eichel wins face-off versus Ivan Barbashev in Blues zone.
2:30 of 3rd period - Jack Eichel is hit by Ivan Barbashev.
3:20 of 3rd period - Minor Penalty to Ty Dellandrea for High sticking.
3:21 of 3rd period - Auston Matthews wins face-off versus Kirill Kaprizov in BlackHawks zone.
3:24 of 3rd period - Shot by Kris Letang.
3:24 of 3rd period - Stopped by Marc-Andre Fleury without a rebound.
3:25 of 3rd period - Auston Matthews wins face-off versus Kirill Kaprizov in BlackHawks zone.
3:26 of 3rd period - Shot by Clayton Keller.
3:26 of 3rd period - Shot Misses the Net.
3:54 of 3rd period - Off-side.
3:55 of 3rd period - Sean Monahan wins face-off versus Kirill Kaprizov in neutral zone.
3:58 of 3rd period - Shot by Filip Hronek.
3:58 of 3rd period - Stopped by Marc-Andre Fleury without a rebound.
3:59 of 3rd period - Kirill Kaprizov wins face-off versus Sean Monahan in BlackHawks zone.
4:42 of 3rd period - Shot by Anthony DeAngelo.
4:42 of 3rd period - Stopped by Marc-Andre Fleury without a rebound.
4:43 of 3rd period - Ivan Barbashev wins face-off versus Auston Matthews in BlackHawks zone.
5:10 of 3rd period - Shot by Kris Letang.
5:10 of 3rd period - Shot Misses the Net.
5:41 of 3rd period - Icing by Braden Schneider.
5:42 of 3rd period - Jaden Schwartz wins face-off versus Jack Eichel in BlackHawks zone.
6:54 of 3rd period - Shot by Clayton Keller.
6:54 of 3rd period - Shot Blocked by Derek Forbort.
6:56 of 3rd period - Shot by Clayton Keller.
6:56 of 3rd period - Shot Misses the Net.
7:09 of 3rd period - Icing by Derek Forbort.
7:10 of 3rd period - Evan Rodrigues wins face-off versus Tyler Seguin in BlackHawks zone.
7:18 of 3rd period - Icing by Nick Leddy.
7:19 of 3rd period - Sean Monahan wins face-off versus Tyler Seguin in BlackHawks zone.
7:54 of 3rd period - Shot by Evan Rodrigues.
7:54 of 3rd period - Shot Misses the Net.
8:12 of 3rd period - Icing by Ty Dellandrea.
8:13 of 3rd period - Nico Hischier wins face-off versus Tyler Seguin in BlackHawks zone.
8:15 of 3rd period - Clayton Keller is hit by Derek Forbort and loses puck.
8:48 of 3rd period - Shot by Clayton Keller.
8:48 of 3rd period - Stopped by Marc-Andre Fleury without a rebound.
8:49 of 3rd period - Jaden Schwartz wins face-off versus Jack Eichel in BlackHawks zone.
9:05 of 3rd period - Shot by Jaden Schwartz.
9:05 of 3rd period - Deflect By Andrei Kuzmenko.
9:05 of 3rd period - Stopped by Carter Hart without a rebound.
9:06 of 3rd period - Ivan Barbashev wins face-off versus Sean Monahan in Blues zone.
9:14 of 3rd period - Off-side.
9:15 of 3rd period - Nico Hischier wins face-off versus Ivan Barbashev in neutral zone.
9:44 of 3rd period - Max Domi is hit by Cale Makar and loses puck.
10:46 of 3rd period - Shot by Jack Eichel.
10:46 of 3rd period - Shot Misses the Net.
10:49 of 3rd period - Jack Eichel is hit by Derek Forbort and loses puck.
10:56 of 3rd period - Shot by Yanni Gourde.
10:56 of 3rd period - Shot Blocked by Nick Leddy.
10:58 of 3rd period - Shot by Yanni Gourde.
10:58 of 3rd period - Shot Misses the Net.
11:10 of 3rd period - Shot by Yanni Gourde.
11:10 of 3rd period - Stopped by Marc-Andre Fleury without a rebound.
11:11 of 3rd period - Sean Monahan wins face-off versus Tyler Seguin in BlackHawks zone.
11:16 of 3rd period - Shot by Sean Monahan.
11:16 of 3rd period - Deflect By Evan Rodrigues.
11:16 of 3rd period - Stopped by Marc-Andre Fleury with a rebound.
11:26 of 3rd period - Shot by Tyler Seguin.
11:26 of 3rd period - Goal by Tyler Seguin - BlackHawks : 2 - Blues : 2.
11:27 of 3rd period - Ivan Barbashev wins face-off versus Derek Ryan in neutral zone.
11:50 of 3rd period - Shot by Ivan Barbashev.
11:50 of 3rd period - Shot Blocked by Jacob Trouba.
12:43 of 3rd period - Craig Smith is hit by Zach Bogosian and loses puck.
13:08 of 3rd period - Icing by Zach Bogosian.
13:09 of 3rd period - Tyler Seguin wins face-off versus Nico Hischier in BlackHawks zone.
13:54 of 3rd period - Shot by Jaden Schwartz.
13:54 of 3rd period - Deflect By Andrei Kuzmenko.
13:54 of 3rd period - Stopped by Carter Hart without a rebound.
13:55 of 3rd period - Sean Monahan wins face-off versus Max Domi in Blues zone.
15:03 of 3rd period - Shot by Jack Eichel.
15:03 of 3rd period - Deflect By Yanni Gourde.
15:03 of 3rd period - Goal by Yanni Gourde - BlackHawks : 2 - Blues : 3.
15:04 of 3rd period - Tyler Seguin wins face-off versus Nico Hischier in neutral zone.
15:08 of 3rd period - Derek Forbort is hit by Nico Hischier and loses puck.
15:45 of 3rd period - Shot by Anders Lee.
15:45 of 3rd period - Stopped by Carter Hart without a rebound.
15:46 of 3rd period - Jaden Schwartz wins face-off versus Jack Eichel in Blues zone.
15:46 of 3rd period - Andrei Kuzmenko is hit by Kris Letang and loses puck.
16:46 of 3rd period - Shot by Kirill Kaprizov.
16:46 of 3rd period - Shot Misses the Net.
16:54 of 3rd period - Shot by Max Domi.
16:54 of 3rd period - Goal by Max Domi - BlackHawks : 3 - Blues : 3.
16:55 of 3rd period - Tyler Seguin wins face-off versus Nico Hischier in neutral zone.
17:08 of 3rd period - Shot by Clayton Keller.
17:08 of 3rd period - Stopped by Marc-Andre Fleury with a rebound.
17:10 of 3rd period - Shot by Jacob Trouba.
17:10 of 3rd period - Deflect By Auston Matthews.
17:10 of 3rd period - Shot Misses the Net.
17:12 of 3rd period - Shot by Nico Hischier.
17:12 of 3rd period - Shot Misses the Net.
17:14 of 3rd period - Shot by Clayton Keller.
17:14 of 3rd period - Goal by Clayton Keller - BlackHawks : 3 - Blues : 4.
17:15 of 3rd period - Sean Monahan wins face-off versus Ivan Barbashev in neutral zone.
18:14 of 3rd period - Shot by Auston Matthews.
18:14 of 3rd period - Stopped by Marc-Andre Fleury without a rebound.
18:15 of 3rd period - Tyler Seguin wins face-off versus Derek Ryan in BlackHawks zone.
18:15 of 3rd period - Tyler Seguin is hit by Derek Ryan.
18:39 of 3rd period - Tyler Seguin is hit by Kris Letang and loses puck.
18:48 of 3rd period - Shot by Ty Dellandrea.
18:48 of 3rd period - Shot Misses the Net.
18:53 of 3rd period - Ty Dellandrea is hit by Kris Letang.
19:19 of 3rd period - Anthony DeAngelo is hit by Anders Lee.
19:29 of 3rd period - BlackHawks, Marc-Andre Fleury is pulled from the net.
19:52 of 3rd period - Shot by Ivan Barbashev.
19:52 of 3rd period - Stopped by Carter Hart without a rebound.
19:53 of 3rd period - Ivan Barbashev wins face-off versus Clayton Keller in Blues zone.
19:56 of 3rd period - Shot by Max Domi.
19:56 of 3rd period - Stopped by Carter Hart with a rebound.
Goals for this period are 2 for BlackHawks vs 2 for Blues.
Shots for this period are 11 for BlackHawks vs 12 for Blues.